 Dungeon Crawl Stone Soup version 0.29-a0-542-g075992c915 (webtiles) character file.

Game seed: 5669374445963204143

112 sammy202020 the Skirmisher (level 4, -2/55 HPs)
             Began as a Demonspawn Berserker on June 4, 2022.
             Was a Believer of Trog.
             Slain by a water moccasin (5 damage)
             ... in a sewer.
             The game lasted 00:04:59 (2486 turns).

sammy202020 the Skirmisher (Demonspawn Berserker)   Turns: 2486, Time: 00:04:59

Health: -2/55      AC:  6    Str: 17    XL:     4   Next: 63%
Magic:  4/4        EV: 12    Int: 11    God:    Trog [**....]
Gold:   59         SH:  0    Dex: 12    Spells: 3/3 levels left

rFire   . . .      SeeInvis .   a - +2 hand axe
rCold   . . .      Faith    .   (no shield)
rNeg    . . .      Spirit   .   h - +0 leather armour
rPois   .          Reflect  .   i - +2 helmet
rElec   .          Harm     .   (no cloak)
rCorr   .          Rampage  .   (no gloves)
Will    ++...                   (no boots)
Stlth   ..........              (no amulet)
HPRegen 1.18/turn               (no ring)
MPRegen 0.09/turn               (no ring)

@: berserking, lethally poisoned (-2 -> -9), strong-willed, regenerating, very
quick
A: demonic guardian 1, spiny 1
a: Renounce Religion, Berserk, Trog's Hand


You were in a sewer.
You worshipped Trog.
Trog was pleased with you.
You visited 1 branch of the dungeon, and saw 3 of its levels.
You also visited: Sewer.

You collected 59 gold pieces.

Inventory:

Hand Weapons
 a - a +2 hand axe (weapon)
 f - a +0 flail
Armour
 h - a +0 leather armour (worn)
 i - a +2 helmet (worn)
Wands
 k - a wand of digging (6)
Scrolls
 e - 3 scrolls of enchant weapon
 g - a scroll of identify
 j - 3 scrolls of fog
 n - a scroll of summoning {unknown}
 o - a scroll of fear {unknown}
Potions
 b - 3 potions of flight
 c - a potion of mutation {unknown}
 d - a potion of attraction
 l - a potion of degeneration {unknown}
 m - a potion of cancellation {unknown}


   Skills:
 * Level 3.9 Fighting
 * Level 3.6 Axes
 + Level 2.3 Armour
 + Level 2.4 Dodging


You had 3 spell levels left.
You didn't know any spells.
Your spell library was empty.

Dungeon Overview and Level Annotations

Branches:
Dungeon (3/15)              Sewer (1/1)

Altars:


Innate Abilities, Weirdness & Mutations

A weak demonic guardian rushes to your aid.
You are partially covered in sharp spines.


Message History

You are too injured to fight recklessly!
You are too injured to fight recklessly!
You are too injured to fight recklessly!
You are too injured to fight recklessly!
You are too injured to fight recklessly!
You are too injured to fight recklessly!
Unknown command.
Your skin crawls.
You feel strong-willed.
* * * LOW HITPOINT WARNING * * *
You feel very sick. The water moccasin closely misses you.
A red film seems to cover your vision as you go berserk!
You feel yourself moving faster!
You feel mighty!
You feel very sick.
The water moccasin is struck by your spines.
The water moccasin misses you. The water moccasin closely misses you.
You slash the water moccasin!
The water moccasin is severely wounded.
You feel sick.
The water moccasin is struck by your spines.
The water moccasin bites you.
* * * LOW HITPOINT WARNING * * *
A demonic guardian appears!
You are lethally poisoned!
The water moccasin poisons you!
You closely miss the water moccasin.
The water moccasin is severely wounded.
* * * LOW HITPOINT WARNING * * *
You feel very sick.
The water moccasin is struck by your spines.
The water moccasin closely misses you.
Your ufetubus misses the water moccasin.
Your ufetubus barely misses the water moccasin.
You miss the water moccasin.
The water moccasin is severely wounded.
* * * LOW HITPOINT WARNING * * *
You feel very sick. The water moccasin bites you.
You die...

## ##
#(?#.
).#.#
#≈.≈
##≈.5##
#..≈.S#
#...≈@##
#...#...#
#. ##≈.##
#.≈.#
##.≈# #.
#≈.# #..
#..# #..#
##≈.#
#...
#≈..#


You could see a water moccasin (ally target) and a friendly ufetubus (summoned).

Vanquished Creatures
  3 adders
  A worm (D:3)
  2 dart slugs (D:2)
  3 endoplasms
  4 giant cockroaches
  7 goblins
  2 hobgoblins
  6 jackals
  7 quokkas
  8 ball pythons
  6 bats
  3 frilled lizards
  3 kobolds (D:1)
  22 rats
77 creatures vanquished.

Vanquished Creatures (others)
  A withered plant (D:1)
1 creature vanquished.

Grand Total: 78 creatures vanquished

Notes
Turn   | Place    | Note
-------+----------+-------------------------------------------
     0 | D:1      | sammy202020 the Demonspawn Berserker began the quest for
                  | the Orb.
     0 | D:1      | Reached XP level 1. HP: 18/18 MP: 1/1
   365 | D:1      | Gained mutation: You are partially covered in sharp spines.
                  | [demonic ancestry]
   365 | D:1      | Reached XP level 2. HP: 18/24 MP: 2/2
   761 | D:1      | Gained mutation: A weak demonic guardian rushes to your
                  | aid. [demonic ancestry]
   761 | D:1      | Reached XP level 3. HP: 16/29 MP: 3/3
   917 | D:1      | Found a faded altar of an unknown god.
  1308 | D:2      | Reached ** piety under Trog
  1627 | D:2      | Reached XP level 4. HP: 37/37 MP: 4/4
  2389 | D:3      | Found a glowing drain.
  2418 | Sewer    | Entered a sewer
  2429 | Sewer    | Reached *** piety under Trog
  2475 | Sewer    | Noticed a water moccasin
  2486 | Sewer    | Slain by a water moccasin

Illustrated notes

Levels and vault maps discovered:
D:1:      minmay_arrival_pointy, layout_basic,
          ebering_ecumenical_altar_petrified
D:2:      layout_loops_ring, minmay_rat_hole
D:3:      layout_basic, portal_sewer_entry_f, uniq_jessica
Sewer:    sewer_the_moccasin

Skill      XL: |  1  2 |
---------------+-------+-----
Dodging        | 2 |  2.4
Armour         | 2 |  2.3
Axes           | 3 |  3.6
Fighting       | |  3.9

Action                   |  1- 3 |  4- 6 || total
-------------------------+-------+-------++-------
Melee: Hand axe          |    75 |    44 ||   119
       Punch             |     1 |     1 ||     2
Invok: Berserk           |     1 |     1 ||     2
       Trog's Hand       |       |     1 ||     1
  Use: Scroll            |     4 |     3 ||     7
 Stab: Sleeping          |     3 |       ||     3
Armor: Animal skin       |     8 |       ||     8
       Leather armour    |     7 |    12 ||    19
Dodge: Dodged            |    54 |    34 ||    88

Table legend: (Time is in decaauts)
 A = Elapsed time spent in this place.
 B = Non-inter-level travel time spent in this place.
 C = Inter-level travel time spent in this place.
 D = Time resting spent in this place.
 E = Time spent auto-exploring this place.
 F = Levels seen in this place.
 G = Mean time per level.
                   A        B        C        D        E       F      G
               +--------+--------+--------+--------+--------+-----+--------+
         Total |   2526 |   2480 |     46 |      0 |   1969 |   4 |  631.5 |
       Dungeon |   2452 |   2406 |     46 |      0 |   1916 |   3 |  817.3 |
         Sewer |     73 |     73 |      0 |      0 |     52 |   1 |   73.0 |
               +--------+--------+--------+--------+--------+-----+--------+

Top non-repeatable levels by time:
     D:1: 1309 daAuts
     D:2: 977 daAuts
     D:3: 166 daAuts
   Sewer: 73 daAuts
